 Dungeon Crawl Stone Soup version 0.24-a0-789-g35933f4 (webtiles) character file.

Game seed: 7454093721639321890, levelgen mode: deterministic

95 2tousent the Gusty (level 4, -2/24 HPs)
             Began as a Tengu Air Elementalist on Oct 9, 2019.
             Slain by Grinder (6 damage)
             ... on level 3 of the Dungeon.
             The game lasted 00:10:04 (2731 turns).

2tousent the Gusty (Tengu Air Elementalist)         Turns: 2731, Time: 00:10:05

Health: -2/24      AC:  2    Str:  8    XL:     4   Next: 65%
Magic:  0/8        EV: 12    Int: 17    God:
Gold:   84         SH:  0    Dex: 14    Spells: 3/7 levels left

rFire    . . .     SeeInvis +   (no weapon)
rCold    . . .     Gourm    .   (no shield)
rNeg     . . .     Faith    .   a - +0 robe
rPois    .         Spirit   .   (helmet restricted)
rElec    .         Reflect  .   (no cloak)
rCorr    .         Harm     .   (no gloves)
MR       .....                  (boots unavailable)
Stlth    ++........             (no amulet)
HPRegen  0.08/turn              k - ring of see invisible
MPRegen  0.11/turn              (no ring)

@: no status effects
A: beak, talons 3
a: no special abilities


You were on level 3 of the Dungeon.
You were hungry.

You visited 1 branch of the dungeon, and saw 3 of its levels.

You collected 84 gold pieces.

Inventory:

Armour
 a - a +0 robe (worn)
Jewellery
 k - a ring of see invisible (left hand)
Scrolls
 d - a scroll of enchant weapon {unknown}
 e - a scroll of enchant armour {unknown}
 i - a scroll of identify {unknown}
Potions
 b - 3 potions of berserk rage {unknown}
 f - 2 potions of agility {unknown}
 g - a potion of magic {unknown}
 j - a potion of heal wounds {unknown}
Comestibles
 c - 3 rations
 h - 2 chunks of flesh


   Skills:
 - Level 2.1 Dodging
 - Level 2.0 Stealth
 * Level 2.2 Spellcasting
 * Level 2.8 Conjurations
 * Level 6.3 Air Magic


You had 3 spell levels left.
You knew the following spells:

 Your Spells              Type           Power        Failure   Level  Hunger
a - Shock                 Conj/Air       ###.         3%          1    #......
b - Static Discharge      Conj/Air       ###.....     9%          3    ###....

Your spell library contained the following spells:

 Spells                   Type           Power        Failure   Level  Hunger
 Swiftness                Chrm/Air       ##......     8%          2    ###....
 Airstrike                Air            ###.......   14%         4    #####..
 Lightning Bolt           Conj/Air       ###.......   63%         5    ######.


Dungeon Overview and Level Annotations

Branches:
Dungeon (3/15)

Altars:

Annotations:
D:3 Grinder


Innate Abilities, Weirdness & Mutations

You have a beak for a mouth.
You have claws for feet.


Message History

There are monsters nearby!
Grinder says, "I used to sell toenails on the black market."
A giant cockroach comes into view.
You hit the orc but do no damage. Your peck misses the orc.
You hit the orc but do no damage. The orc closely misses you.
Casting: Static Discharge (safe; 9% risk of failure)
Confirm with . or Enter, or press ? or * to list all spells.
The orc is struck by an arc of lightning.
The orc is almost dead.
The lightning grounds out.
You are feeling hungry.
The orc hits you.
Casting: Static Discharge (safe; 9% risk of failure)
Confirm with . or Enter, or press ? or * to list all spells.
The orc is struck by an arc of lightning.
You kill the orc!
The lightning grounds out.
Grinder hits you!
* * * LOW HITPOINT WARNING * * *
You writhe in agony.
You die...

#.# ..... ..# #####.#.#
#.# ####.....#.# ##.# #
.......#.#.##.##.#.#
#.#..#.#.#.......#. #
#.#..#.#.#.##.##.. ...
.[...#.#...##.##.# ....
............#.##@# .#..
†♣♣♣♣.♣.♣♣..#.##5##.....
..♣♣♣♣♣.♣♣♣.#.##....5#
...♣ ♣♣♣ ♣...##.##.####.
..♣.♣ ♣♣.....%.......
..♣ ♣ ♣♣..........s. ..♣
♣..#.####....# ..♣
♣.[.... .... #.♣♣
♣.♣.....# ...


You could see Grinder.

Vanquished Creatures
  2 adders (D:2)
  3 worms
  A dart slug (D:1)
  4 leopard geckos
  An orc (D:3)
  3 bats
  4 giant cockroaches
  11 hobgoblins
  6 jackals (D:2)
  2 quokkas
  A ball python (D:1)
  5 frilled lizards (D:1)
  6 goblins
  5 kobolds
  5 rats
59 creatures vanquished.

Notes
Turn   | Place    | Note
-------+----------+-------------------------------------------
     0 | D:1      | 2tousent the Tengu Air Elementalist began the quest for the
                  | Orb.
     0 | D:1      | Reached XP level 1. HP: 10/10 MP: 4/4
   147 | D:1      | Reached XP level 2. HP: 15/15 MP: 1/6
   271 | D:1      | Reached skill level 5 in Air Magic
   648 | D:1      | Reached XP level 3. HP: 18/19 MP: 3/7
  1135 | D:2      | Learned a level 3 spell: Static Discharge
  1622 | D:2      | Reached skill level 6 in Air Magic
  1627 | D:2      | Reached XP level 4. HP: 20/24 MP: 1/8
  2722 | D:3      | Noticed Grinder
  2731 | D:3      | Slain by Grinder

Levels and vault maps discovered:
D:1:      minmay_arrival_nine_rooms, layout_basic
D:2:      layout_basic, minmay_misc_feat_tiny
D:3:      layout_basic, nicolae_overflow_hidden_temple,
          chequers_ecumenical_altar_grove, uniq_grinder

Skill      XL: |  1  2  3 |
---------------+----------+-----
Air Magic      | 5 6 |  6.3
Conjurations   | 2 |  2.8
Dodging        | |  2.1
Stealth        | |  2.0
Spellcasting   | |  2.2

Action                   |  1- 3 |  4- 6 || total
-------------------------+-------+-------++-------
Melee: Unarmed           |    78 |    41 ||   119
       Kick              |    15 |     8 ||    23
       Peck              |     5 |     6 ||    11
 Cast: Shock             |    49 |     9 ||    58
       Static Discharge  |     5 |    10 ||    15
 Stab: Sleeping          |     2 |     2 ||     4
  Eat: Chunk             |     4 |     4 ||     8
Armor: Robe              |    12 |     3 ||    15
Dodge: Dodged            |    64 |    20 ||    84

Table legend:
 A = Non-vault XP
 B = Vault XP
 C = Vault XP percentage of total XP
 D = Non-vault monster count
 E = Vault monster count
 F = Vault count percentage of total count
                 A         B        C        D         E       F
            +---------+---------+-------+---------+---------+-------
      Total |     136 |       0 |   0.0 |      59 |       0 |   0.0
            +---------+---------+-------+---------+---------+-------
        D:1 |      43 |       0 |   0.0 |      25 |       0 |   0.0
        D:2 |      70 |       0 |   0.0 |      24 |       0 |   0.0
        D:3 |      23 |       0 |   0.0 |      10 |       0 |   0.0
            +---------+---------+-------+---------+---------+-------
